 Dungeon Crawl Stone Soup version 0.31.0-12-g77e489cdc1 (webtiles) character file.

Game seed: 11664382943614864912

32491 ChadusMaximus the Convoker (level 13, -3/154 HPs)
             Began as a Barachi Summoner on Mar 3, 2024.
             Was an Elder of Makhleb.
             Slain by a cane toad (5 damage)
             ... on level 3 of the Lair of Beasts.
             The game lasted 00:30:17 (15783 turns).

ChadusMaximus the Convoker (Barachi Summoner)      Turns: 15783, Time: 00:30:17

Health: -3/154     AC: 30    Str: 10      XL:     13   Next: 64%
Magic:  1/29       EV:  2    Int: 19 (20) God:    Makhleb [****..]
Gold:   869        SH:  0    Dex: 13      Spells: 4/37 levels left

rFire   + . .        u - +4 short sword (vamp)
rCold   . . .        (no shield)
rNeg    . . .        L - melded +2 robe {rC+ rF+}
rPois   +            J - melded +3 hat of Pondering {ponderous, Will+ MP+10 Int+5}
rElec   .            g - melded scarf {repulsion}
rCorr   .            e - melded +0 pair of gloves
SInv    .            v - melded +0 pair of boots
Will    +....        k - amulet of regeneration
Stlth   ++           o - ring of protection from fire
HPRegen 1.25/turn    U - +4 ring of protection
MPRegen 0.21/turn

%: no passive effects
@: tree-form, marked, unable to hop, enlightened, very slightly contaminated,
inugami summoned
A: stationary, stasis, torment immunity, boosted hp, (amphibious), (slowness 1),
(strong legs 2), +LOS
a: Renounce Religion, Minor Destruction, Lesser Servant of Makhleb, Major
Destruction


You were on level 3 of the Lair of Beasts.
You worshipped Makhleb.
Makhleb was greatly pleased with you.
You were a tree.
You visited 4 branches of the dungeon, and saw 16 of its levels.

You collected 1044 gold pieces.
You spent 175 gold pieces at shops.

Inventory:

Hand Weapons
 u - a +4 vampiric short sword (weapon)
 W - a +1 demon whip of venom
Armour
 e - a +0 pair of gloves (melded)
 g - a scarf of repulsion (melded)
 v - a +0 pair of boots (melded)
 y - the +1 leather armour of Insatiable Hunger {rN+}
   (You found it on level 5 of the Dungeon)

   rN+:       It protects you from negative energy.
 G - +0 steam dragon scales
 J - the +3 hat of Pondering (melded) {ponderous, Will+ MP+10 Int+5}
   (You took it off Gastronok on level 8 of the Dungeon)

   Int+5:     It affects your intelligence (+5).
   Will+:     It increases your willpower.
   MP+10:     It affects your magic capacity (+10).
 L - a +2 robe of resistance (melded)
 Q - the +0 helmet of Wude {Will+}
   (You found it on level 9 of the Dungeon)

   Will+:     It increases your willpower.
 R - a +0 kite shield
Jewellery
 k - an amulet of regeneration (around neck)
 n - a ring of fire
 o - a ring of protection from fire (left branch)
 t - a +6 ring of strength
 O - an amulet of reflection
 U - a +4 ring of protection (right branch)
 X - an amulet of faith
 Y - a ring of wizardry
Wands
 a - a wand of polymorph (13)
 A - a wand of roots (14)
 Z - a wand of flame (3)
Scrolls
 m - 3 scrolls of fog
 p - a scroll of revelation
 q - 3 scrolls of immolation
 s - 5 scrolls of poison
 x - 2 scrolls of torment {unknown}
 z - 4 scrolls of blinking
 B - 6 scrolls of teleportation
 C - a scroll of identify
 I - 2 scrolls of fear {unknown}
 K - a scroll of silence {unknown}
 M - 2 scrolls of vulnerability {unknown}
 N - a scroll of brand weapon {unknown}
 V - a scroll of noise {unknown}
Potions
 b - a potion of magic
 d - 3 potions of resistance
 f - 3 potions of might {unknown}
 h - a potion of brilliance {unknown}
 i - 8 potions of lignification
 j - 4 potions of enlightenment
 l - 3 potions of heal wounds {unknown}
 w - 2 potions of haste
 D - a potion of mutation
 E - 3 potions of cancellation {unknown}
 F - a potion of berserk rage {unknown}
 H - 7 potions of curing
 P - a potion of attraction {unknown}
 T - a potion of degeneration {unknown}
Miscellaneous
 c - a box of beasts
 S - a lightning rod (4/4)


   Skills:
 + Level 10.3 Fighting
 - Level 4.4 Armour
 - Level 2.1 Dodging
 - Level 1.7 Stealth
 + Level 12.5 Spellcasting
 * Level 20.2 Summonings


You had 4 spell levels left.
You knew the following spells:

 Your Spells              Type           Power      Damage    Failure   Level
a - Summon Horrible Thin  Summ           36%        N/A       9%          8
b - Call Canine Familiar  Summ           73%        N/A       0%          3
c - Call Imp              Summ           100%       N/A       0%          2
d - Summon Lightning Spi  Summ/Air       50%        N/A       1%          4
e - Summon Blazeheart Go  Fire/Summ      50%        N/A       1%          4
f - Blink                 Tloc           22%        N/A       9%          2
g - Monstrous Menagerie   Summ           36%        N/A       1%          7
h - Summon Ice Beast      Ice/Summ       50%        N/A       1%          3

Your spell library contained the following spells:

 Spells                   Type           Power      Damage    Failure   Level
 Summon Small Mammal      Summ           100%       N/A       0%          1
 Magic Dart               Conj           44%        1d5       6%          1
 Sting                    Conj/Alch      44%        1d5       6%          1
 Mercury Vapours          Alch/Air       22%        N/A       9%          2
 Sublimation of Blood     Necr           11%        N/A       9%          2
 Olgreb's Toxic Radiance  Alch           11%        N/A       50%         4
 Petrify                  Alch/Erth      11%        N/A       50%         4
 Summon Mana Viper        Hex/Summ       50%        N/A       2%          5
 Malign Gateway           Summ/Tloc      25%        N/A       58%         7
 Irradiate                Conj/Alch      5%         3d13      85%         5


Dungeon Overview and Level Annotations

Branches:
Dungeon (11/15)            Temple (1/1) D:4            Lair (3/5) D:11
 Spider (0/4) Lair:2          Orc (1/2) D:9
  Swamp: Lair:2-3    Shoals: Lair:2-3

Altars:
Ashenzari
Cheibriados
Dithmenos
Elyvilon
Fedhas
Gozag
Hepliaklqana
Kikubaaqudgha
Makhleb
Nemelex Xobeh
Okawaru
Qazlal
Ru
Sif Muna
Trog
Uskayaw
Vehumet
Wu Jian
Xom
Yredelemnul
Zin
The Shining One

Shops:
D:6 (   D:8 ?


Innate Abilities, Weirdness & Mutations

You are a tree.
Your roots penetrate the ground, keeping you stationary.
You cannot be teleported.
You are immune to unholy pain and torment.
Your maximum health is greatly increased.
Your equipment is partially melded.
((You are amphibious.))
((You cover ground slowly.))
((You can hop long distances.))
You have an extended range of vision and can be seen from far away.


Message History

Confirm with . or Enter, or press ? or * to list all spells.
You call for your canine familiar and it appears with a howl!
A swamp worm comes into view.
The blink frog hits your inugami.
The swamp worm bites you but does no damage.
The cane toad stings you. The nameless horror hits you.
The blink frog blinks!
You cannot move.
You hit the cane toad but do no damage.
The swamp worm bites you but does no damage.
The blink frog hits you!
* * * LOW HITPOINT WARNING * * *
The cane toad stings you but does no damage.
The nameless horror hits you but does no damage.
The komodo dragon bites you but does no damage.
Your inugami hits the nameless horror!
It was a potion of enlightenment.
Your roots keep you in place.
The swamp worm bites you but does no damage.
The blink frog hits you but does no damage.
The blink frog hits your inugami!! The swamp worm bites you!
* * * LOW HITPOINT WARNING * * *
The cane toad stings you!
* * * LOW HITPOINT WARNING * * *
The nameless horror hits you but does no damage.
The komodo dragon bites you.
* * * LOW HITPOINT WARNING * * *
The blink frog blinks!
The swamp worm bites you but does no damage.
Your inugami closely misses the blink frog.
The blink frog closely misses your inugami.
The swamp worm bites you.
* * * LOW HITPOINT WARNING * * *
It was a potion of curing.
You feel better.
The cane toad stings you but does no damage.
The blink frog blinks!
The swamp worm bites you!
* * * LOW HITPOINT WARNING * * *
The nameless horror hits you but does no damage.
The swamp worm bites you but does no damage.
The komodo dragon bites you but does no damage.
The cane toad stings you.
You die...

...... ................ ....#
P.......<...... ##...#
##..###..#...... #..w.###...#
###.#.....
##...###..#######.....
#?..###...#.##.##..... #..
##..#[........†.......
#.F####..Dl.w.........†.....
##....F.....♣F..F######..†...
#......$...w#X#..## ##...##.
#P..####....##h...# #.#..###
##. ##...###F.# ##....#
#...##...### ##...##
..#.##...##...#.###.#..#.#
...........................
....^.........§............
######.####.#######.P#...##


You could see an eight-headed hydra, a nameless horror, a komodo dragon, a cane
toad, 3 swamp worms, 3 blink frogs and a friendly inugami (summoned).

Vanquished Creatures
  A two-headed ogre (D:11)
  A boulder beetle (Lair:3)
  An ugly thing (D:11)
  A gargoyle (D:11)
  A komodo dragon (Lair:1)
  A blink frog (Lair:3)
  A yak (Lair:3)
  A steam dragon (D:6)
  A water moccasin (D:9)
  An ice beast (D:5)
  A sky beast (D:7)
  An ogre (D:6)
  A centaur (D:7)
  A phantom (D:7)
  5 bullfrogs
  A wight (D:5)
  A nameless horror (D:7)
  A bombardier beetle (D:6)
  A jelly (D:6)
  2 orc priests
  2 hounds
  A sleepcap (D:4)
  A scorpion zombie (D:5)
  A howler monkey zombie (D:5)
  A gnoll (D:5)
  4 adders
  A shadow imp (D:6)
  A white imp (D:8)
  A dart slug (D:3)
  6 orcs
  6 ball pythons
  6 bats
  3 endoplasms
  4 giant cockroaches
  8 goblins
  8 hobgoblins
  6 kobolds
  4 quokkas
  3 frilled lizards
  A rat (D:2)
93 creatures vanquished.

Vanquished Creatures (collateral kills)
  Gastronok (D:8)
  Snorg (D:10)
  2 boulder beetles (Lair:1)
  3 two-headed ogres
  A death yak (Lair:1)
  Nergalle (Lair:3)
  2 skysharks
  Amaemon (Lair:3)
  5 skeletal warriors (D:11)
  A cyclops (D:8)
  5 elephants
  Maurice (D:11)
  Joseph (Lair:1)
  A black mamba (Lair:3)
  An orange demon (Lair:3)
  7 cane toads
  A rime drake (Lair:2)
  5 komodo dragons
  A hornet (D:9)
  2 trolls (D:10)
  7 dream sheep (Lair:1)
  3 blink frogs (Lair:3)
  2 jumping spiders (Lair:2)
  2 vampires
  2 wraiths
  Grum (Lair:1)
  3 wyverns
  3 basilisks
  A redback (Lair:2)
  17 yaks
  2 steam dragons
  The ghost of Killerpretzel the Changeling, an amateur OpSh (D:3)
  6 water moccasins
  4 orc warriors
  A black bear (D:4)
  4 centaurs
  An ogre (D:3)
  9 wolves
  A kobold brigand (D:8)
  A nameless horror (D:9)
  3 bullfrogs
  A gnoll sergeant (D:11)
  A scorpion (D:7)
  16 wights
  7 killer bees
  4 howler monkeys
  3 bombardier beetles
  3 orc priests
  A sleepcap (D:7)
  7 orc wizards
  2 iguanas
  3 hell rats (Lair:3)
  7 gnolls
  An adder (D:2)
  A shadow imp (D:7)
  2 white imps
  26 orcs
  An endoplasm (D:4)
  3 giant cockroaches
  A goblin (D:1)
  3 hobgoblins
  2 quokkas
  A bat (D:3)
  A frilled lizard (D:1)
  9 kobolds
  A rat (D:2)
224 creatures vanquished.

Vanquished Creatures (others)
  A hound (D:6)
  A blazeheart core (Lair:1)
2 creatures vanquished.

Grand Total: 319 creatures vanquished

Notes
Turn   | Place    | Note
-------+----------+-------------------------------------------
     0 | D:1      | ChadusMaximus the Barachi Summoner began the quest for the
                  | Orb.
     0 | D:1      | Reached XP level 1. HP: 13/13 MP: 3/3
    89 | D:1      | Reached skill level 5 in Summonings
   210 | D:1      | Reached XP level 2. HP: 18/19 MP: 5/5
   687 | D:1      | Reached XP level 3. HP: 24/24 MP: 7/7
   977 | D:1      | Found a faded altar of an unknown god.
  1366 | D:2      | Reached skill level 6 in Summonings
  1399 | D:2      | Reached XP level 4. HP: 30/30 MP: 6/8
  1903 | D:2      | Learned a level 3 spell: Call Canine Familiar
  1906 | D:2      | Learned a level 2 spell: Call Imp
  1912 | D:3      | Found a runed translucent door.
  1912 | D:3      | Noticed Killerpretzel's ghost (amateur OpSh)
  2468 | D:3      | Noticed an ogre
  2480 | D:3      | Killed an ogre
  2481 | D:3      | Reached skill level 7 in Summonings
  2481 | D:3      | Reached XP level 5. HP: 14/35 MP: 3/10
  2958 | D:3      | Killed Killerpretzel's ghost
  2959 | D:3      | Reached XP level 6. HP: 41/41 MP: 4/12
  3060 | D:4      | Reached skill level 8 in Summonings
  3446 | D:4      | Found a staircase to the Ecumenical Temple.
  3474 | Temple   | Entered the Ecumenical Temple
  3524 | Temple   | Became a worshipper of Makhleb the Destroyer
  3618 | D:4      | Noticed a black bear
  3627 | D:4      | Killed a black bear
  3628 | D:4      | Reached XP level 7. HP: 45/46 MP: 7/14
  3944 | D:5      | Entered Level 5 of the Dungeon
  4060 | D:5      | Reached skill level 9 in Summonings
  4173 | D:5      | Reached skill level 5 in Spellcasting
  4301 | D:5      | Found a basalt altar of Yredelemnul.
  4346 | D:5      | Identified the +1 leather armour of Insatiable Hunger {rN+}
  4371 | D:5      | Learned a level 4 spell: Summon Lightning Spire
  4669 | D:5      | Reached XP level 8. HP: 52/52 MP: 12/16
  4745 | D:5      | Reached skill level 10 in Summonings
  5184 | D:6      | Noticed a two-headed ogre
  5221 | D:6      | Killed a two-headed ogre
  5222 | D:6      | Reached skill level 11 in Summonings
  5222 | D:6      | Reached XP level 9. HP: 57/57 MP: 1/19
  5731 | D:6      | Reached skill level 12 in Summonings
  5790 | D:6      | Found Quatroin's Antique Weapon Shop.
  6331 | D:7      | Reached skill level 13 in Summonings
  6524 | D:7      | Reached * piety under Makhleb
  6651 | D:7      | Found an ornate altar of the Wu Jian Council.
  6831 | D:7      | Learned a level 4 spell: Summon Blazeheart Golem
  6837 | D:8      | Noticed a two-headed ogre
  6846 | D:8      | Killed a two-headed ogre
  6847 | D:8      | Reached skill level 14 in Summonings
  6847 | D:8      | Reached XP level 10. HP: 63/63 MP: 11/22
  6856 | D:8      | Noticed Gastronok
  6874 | D:8      | Killed Gastronok
  7207 | D:8      | Found Kimoy's Magic Scroll Boutique.
  7228 | D:8      | Bought a scroll of teleportation for 42 gold pieces
  7228 | D:8      | Bought a scroll of identify for 28 gold pieces
  7228 | D:8      | Bought a scroll of blinking for 105 gold pieces
  7234 | D:8      | Identified a scroll of acquirement
  7236 | D:8      | Acquired a book of Beasts
  7244 | D:8      | Learned a level 2 spell: Blink
  7252 | D:8      | Learned a level 7 spell: Monstrous Menagerie
  7256 | D:8      | Learned a level 3 spell: Summon Ice Beast
  7779 | D:8      | Noticed a cyclops
  7787 | D:8      | Killed a cyclops
  7788 | D:8      | Reached skill level 15 in Summonings
  7874 | D:8      | Found an iron altar of Okawaru.
  8080 | D:9      | Reached skill level 1 in Fighting
  8544 | D:9      | Reached ** piety under Makhleb
  8552 | D:9      | Reached XP level 11. HP: 74/74 MP: 12/24
  8653 | D:9      | Found a staircase to the Orcish Mines.
  8781 | D:9      | Identified the +0 helmet of Wude {Will+}
  9199 | D:10     | Entered Level 10 of the Dungeon
  9913 | D:10     | Reached skill level 16 in Summonings
 10052 | D:10     | Found a shimmering blue altar of Sif Muna.
 10061 | D:10     | Noticed Snorg
 10069 | D:10     | Killed Snorg
 10320 | D:11     | Noticed a green ugly thing
 10320 | D:11     | Found a staircase to the Lair.
 10592 | D:11     | Reached skill level 10 in Spellcasting
 10832 | D:11     | Noticed a skeletal warrior
 10832 | D:11     | Noticed a skeletal warrior
 10832 | D:11     | Noticed a skeletal warrior
 10832 | D:11     | Noticed a skeletal warrior
 10833 | D:11     | Noticed a skeletal warrior
 10842 | D:11     | Killed a skeletal warrior
 10843 | D:11     | Reached skill level 5 in Fighting
 10844 | D:11     | Killed a skeletal warrior
 10845 | D:11     | Killed a skeletal warrior
 10848 | D:11     | Killed a skeletal warrior
 10849 | D:11     | Reached skill level 17 in Summonings
 10851 | D:11     | Killed a skeletal warrior
 11147 | D:11     | Noticed a two-headed ogre
 11155 | D:11     | Killed a two-headed ogre
 11330 | D:11     | Reached XP level 12. HP: 84/89 MP: 26/26
 11626 | D:11     | Noticed Maurice
 11635 | D:11     | Killed Maurice
 11708 | D:11     | Noticed a two-headed ogre
 11716 | D:11     | Killed a two-headed ogre
 12038 | Orc:1    | Entered Level 1 of the Orcish Mines
 12142 | Lair:1   | Entered Level 1 of the Lair of Beasts
 12233 | Lair:1   | Reached skill level 18 in Summonings
 12299 | Lair:1   | Noticed a boulder beetle
 12311 | Lair:1   | Killed a boulder beetle
 12423 | Lair:1   | Noticed Joseph
 12445 | Lair:1   | Killed Joseph
 12445 | Lair:1   | Reached *** piety under Makhleb
 12790 | Lair:1   | Noticed Grum
 12858 | Lair:1   | Killed Grum
 13172 | Lair:1   | Noticed a death yak
 13179 | Lair:1   | Noticed a boulder beetle
 13181 | Lair:1   | Noticed a skyshark
 13185 | Lair:1   | Killed a death yak
 13194 | Lair:1   | Killed a skyshark
 13209 | Lair:1   | Killed a boulder beetle
 13210 | Lair:1   | Reached skill level 19 in Summonings
 13596 | Lair:2   | Learned a level 8 spell: Summon Horrible Things
 14043 | Lair:2   | Found a hole to the Spider Nest.
 14055 | Lair:2   | Gained mutation: You can hop long distances. [Barachi
                  | growth]
 14055 | Lair:2   | Reached XP level 13. HP: 74/100 MP: 18/28
 14730 | Lair:3   | Noticed Amaemon
 14746 | Lair:3   | Killed Amaemon
 14992 | Lair:3   | Noticed Nergalle
 14998 | Lair:3   | Killed Nergalle
 15139 | Lair:3   | Reached **** piety under Makhleb
 15367 | Lair:3   | Reached skill level 20 in Summonings
 15368 | Lair:3   | Reached skill level 10 in Fighting
 15783 | Lair:3   | HP: 2/154 [swamp worm (16)]
 15783 | Lair:3   | Slain by a cane toad

Illustrated notes

Levels and vault maps discovered:
D:1:      onia_arrival_mini_spirals, layout_basic,
          ebering_ecumenical_altar_sacrificial, nicolae_eternal_life,
          corexii_corridor_pit, hangedman_decor_points, minmay_strange_pillars,
          minmay_3d_cube
D:2:      layout_loops_ring
D:3:      layout_loops_ring, gammafunk_ghost_grave
D:4:      layout_loops_corners, temple_statues
D:5:      layout_loops_ring, lemuel_zombie_altar_yredelemnul
D:6:      layout_cave_pods, serial_shops, shop
D:7:      layout_cave_pools, kennysheep_mini
D:8:      layout_basic, general_overflow_altar, serial_shops,
          nicolae_shop_trees, uniq_gastronok
D:9:      layout_long_grid, hiddenorc1_lemuel, chequers_serial_rivers_micro_d,
          due_unseen_surprise
D:10:     layout_stronghold, mainiacjoe_overflow_brackets, uniq_snorg
D:11:     layout_roguey, erik_lair_orcish_takeover, feat_on_display,
          uniq_maurice
Temple:   nicolae_temple_bog_church
Lair:1:   layout_cave_shapes, hangedman_lair_generics_rect, lemuel_fruit_tree,
          grunt_megastairs_2, uniq_joseph, uniq_grum
Lair:2:   layout_hall_layers, spider_nest_entry_a
Lair:3:   layout_small_grid, palyth_hydra_swamp_entry, eino_house_with_fridge,
          uniq_amaemon, uniq_nergalle
Orc:1:    layout_caves, okawaru_metal_pillars_3

Skill      XL: |  1  2  3  4  5  6  7  8  9 10 11 12 13 |
---------------+----------------------------------------+-----
Summonings     | 5 6 7 8 9 11 14 15 17 19 20 | 20.2
Spellcasting   | 3 4 5 6 8 9 10 11 12 | 12.5
Armour         | 2 4 |  4.4
Fighting       | 2 6 8 10 | 10.3
Dodging        | |  2.1
Stealth        | |  1.7

Action                     |  1- 3 |  4- 6 |  7- 9 | 10-12 | 13-15 || total
---------------------------+-------+-------+-------+-------+-------++-------
  Melee: Dagger            |   148 |    64 |       |       |       ||   212
         Unarmed           |    13 |       |       |     1 |       ||    14
         Punch             |     4 |     1 |     6 |       |     1 ||    12
         Short sword       |       |    80 |   290 |   106 |    50 ||   526
   Cast: Summon Small Mamm |    23 |     5 |    17 |     3 |       ||    48
         Call Canine Famil |       |     8 |    15 |    35 |     7 ||    65
         Call Imp          |       |     8 |    16 |     5 |       ||    29
         Summon Lightning  |       |       |     4 |    44 |    15 ||    63
         Monstrous Menager |       |       |       |    41 |    12 ||    53
         Blink             |       |       |       |    16 |     1 ||    17
         Summon Ice Beast  |       |       |       |     6 |       ||     6
         Summon Blazeheart |       |       |       |     2 |       ||     2
         Summon Horrible T |       |       |       |       |     8 ||     8
Ability: Hop               |       |     1 |     1 |     2 |     1 ||     5
  Evoke: Wand              |       |       |       |     1 |       ||     1
    Use: Scroll            |       |     3 |     1 |    14 |     2 ||    20
         Potion            |       |       |       |       |     3 ||     3
   Stab: Distracted        |     2 |       |       |     2 |       ||     4
         Sleeping          |     3 |     4 |     1 |       |       ||     8
 Armour: Robe              |   125 |    89 |    88 |   136 |    64 ||   502
         Leather armour    |       |       |   151 |     5 |       ||   156
         Skin              |       |       |       |       |    23 ||    23
  Dodge: Dodged            |   162 |   102 |   210 |   125 |    32 ||   631
         Repelled          |       |       |       |       |     1 ||     1
